 Dungeon Crawl Stone Soup version 0.20-a0-870-g4070442 (console) character file.

157 hittembot the Covered (level 5, 31/42 HPs)
             Began as a Formicid Fighter on Mar 12, 2017.
             Quit the game on level 3 of the Dungeon on Mar 13, 2017.
             The game lasted 00:04:47 (2847 turns).

hittembot the Covered (Formicid Fighter)            Turns: 2847, Time: 00:04:48

Health: 31/42      AC:  7    Str: 21    XL:     5   Next: 66%
Magic:  5/5        EV:  8    Int:  7    God:
Gold:   50         SH:  0    Dex: 11    Spells: 4/4 levels left

rFire    . . .     SeeInvis +   a - +0 quarterstaff
rCold    . . .     Gourm    .   b - +0 scale mail
rNeg     . . .     Faith    .   c - +0 shield
rPois    .         Spirit   .   (helmet unavailable)
rElec    .         Reflect  .   (no cloak)
rCorr    .         Harm     .   (no gloves)
MR       .....                  (no boots)
Stlth    ..........             (no amulet)
Regen    0.2/turn               (no ring)
MPRegen  0.1/turn               (no ring)

@: confused
A: permanent stasis, dig shafts and tunnels, four strong arms, antennae 3
a: Dig, Shaft Self


You were on level 3 of the Dungeon.
You were not hungry.

You visited 1 branch of the dungeon, and saw 3 of its levels.

You collected 50 gold pieces.

Inventory:

Hand Weapons
 a - a +0 quarterstaff (weapon)
Armour
 b - a +0 scale mail (worn)
 c - a +0 shield (worn)
Jewellery
 e - an uncursed ring of flight {unknown}
 l - an uncursed ring of flight {unknown}
 o - an uncursed ring of fire {unknown}
Scrolls
 i - a scroll of remove curse {unknown}
 j - a scroll of immolation {unknown}
 k - a scroll of random uselessness {unknown}
 m - 2 scrolls of noise {unknown}
 n - 2 scrolls of fog {unknown}
Potions
 d - a potion of might
Comestibles
 f - a bread ration
 g - a royal jelly
 h - 3 fruits


   Skills:
 + Level 3.8 Fighting
 + Level 3.4 Staves
 + Level 4.6 Armour
 + Level 0.3 Dodging
 + Level 4.4 Shields


You had 4 spell levels left.
You didn't know any spells.

Dungeon Overview and Level Annotations

Branches:
Dungeon (3/15)

Altars:
Cheibriados
Dithmenos


Innate Abilities, Weirdness & Mutations

You cannot be hasted, slowed, berserked, paralysed or teleported.
You can dig through walls and to a lower floor.
Your four strong arms can wield two-handed weapons with a shield.
You have a pair of large antennae on your head. (SInv)


Message History

You are too confused!
You are too confused!
You are too confused!
You are too confused!
You are too confused!
You are too confused!
You are too confused!
You are too confused!
You are too confused!
You are too confused!
You are too confused!
You are too confused!
You bump into the rock wall.
The orc wizard closely misses you.
You hit the orc wizard.
The orc wizard is almost dead.
The hobgoblin barely misses you. The orc wizard closely misses you.
The hobgoblin barely misses you.
Welcome back, hittembot the Formicid Fighter.
Press ? for a list of commands and other information.
Are you sure you want to abandon this character and quit the game? (Confirm with "yes".)

#.# #.###.#.
##.# #....[..
##...##.......
###.#.#.###.....
................
#
##.#.#.###.....
####. #....##
#.....
.....o#####.#.##
###.##
.....oo@g...###
#.#
###..#####..#
#.# # #..# #.#
#..# #.# #..#
#.# ...# #.#
#g## #.## #.#
##..# ##.#.#


You could see an orc wizard (invisible), 2 orcs and a hobgoblin.

Vanquished Creatures
  A scorpion (D:3)
  An orc priest (D:3)
  Robin (D:2)
  An adder (D:1)
  2 leopard geckos
  An orc (D:3)
  13 goblins
  5 hobgoblins
  11 jackals
  7 kobolds
  2 ball pythons
  3 bats
  2 frilled lizards
  8 rats
58 creatures vanquished.

Vanquished Creatures (others)
  A goblin (D:2)
1 creature vanquished.

Grand Total: 59 creatures vanquished

Notes
Turn   | Place    | Note
-------+----------+-------------------------------------------
     0 | D:1      | hittembot the Formicid Fighter began the quest for the Orb.
     0 | D:1      | Reached XP level 1. HP: 18/18 MP: 1/1
   245 | D:1      | Reached XP level 2. HP: 24/24 MP: 2/2
   665 | D:1      | Reached XP level 3. HP: 15/29 MP: 3/3
  1202 | D:2      | Found a snail-covered altar of Cheibriados.
  1671 | D:2      | Noticed Robin
  1689 | D:2      | Killed Robin
  1689 | D:2      | Reached XP level 4. HP: 16/37 MP: 4/4
  2421 | D:2      | Found a shadowy altar of Dithmenos.
  2585 | D:3      | Reached XP level 5. HP: 23/42 MP: 5/5
  2847 | D:3      | Upgraded the game from 0.20-a0-864-g92acfd1 to 0.20-a0-870-g4070442
  2847 | D:3      | Quit the game

Vault maps used:
D:1:      lemuel_arrival_funnel
D:2:      nicolae_overflow_hidden_temple, lemuel_doored_altar, uniq_robin
D:3:      overflow_temple_1_default, gammafunk_temple_overflow_wave,
          chequers_ecumenical_altar_simple, first_bread

Skill      XL: |  1  2  3  4 |
---------------+-------------+-----
Armour         | 4 |  4.6
Shields        | 4 |  4.4
Staves         | 3 |  3.4
Fighting       | |  3.8
Dodging        | |  0.3

Action                   |  1- 3 |  4- 6 || total
-------------------------+-------+-------++-------
Melee: Quarterstaff      |   118 |    74 ||   192
  Eat: Chunk             |     2 |     4 ||     6
Armor: Scale mail        |    42 |    16 ||    58
Dodge: Dodged            |    39 |    33 ||    72
Block: Shield            |    60 |    33 ||    93
